 Dungeon Crawl Stone Soup version 0.29.1-4-g47bece8355 (webtiles) character file.

Game seed: 4804828932035499702

1418 fantasyman the Conjurer (level 8, -3/61 HPs)
             Began as a Demigod Conjurer on Dec 3, 2022.
             Slain by a two-headed ogre
             ... wielding a +0 giant club
              (16 damage)
             ... on level 6 of the Dungeon.
             The game lasted 00:11:21 (7441 turns).

fantasyman the Conjurer (Demigod Conjurer)          Turns: 7441, Time: 00:11:21

Health: -3/61      AC:  3    Str:  8    XL:     8   Next: 20%
Magic:  20/29      EV: 12    Int: 28    God:
Gold:   224        SH:  0    Dex: 12    Spells: 11/18 levels left

rFire   . . .      SeeInvis .   m - +4 dire flail
rCold   . . .      Faith    .   (shield currently unavailable)
rNeg    . . .      Spirit   .   a - +1 robe
rPois   .          Reflect  .   (no helmet)
rElec   .          Harm     .   (no cloak)
rCorr   +          Rampage  .   (no gloves)
Will    .....                   (no boots)
Stlth   ++........              (no amulet)
HPRegen 0.20/turn               s - ring of magical power
MPRegen 0.21/turn               l - ring of resist corrosion

@: no status effects
A: high MP 1, forlorn, divine attributes
a: no special abilities


You were on level 6 of the Dungeon.
You visited 1 branch of the dungeon, and saw 6 of its levels.

You collected 224 gold pieces.

Inventory:

Hand Weapons
 m - a +4 dire flail (weapon)
 r - a +4 morningstar
Armour
 a - a +1 robe (worn)
Jewellery
 f - a ring of protection from cold
 l - a ring of resist corrosion (right hand)
 p - a ring of protection from cold
 q - a ring of see invisible
 s - a ring of magical power (left hand)
Wands
 o - a wand of mindburst (11)
Scrolls
 c - 2 scrolls of fog
 g - a scroll of noise
 h - 3 scrolls of identify
Potions
 b - 3 potions of magic
 d - 4 potions of flight
 e - 2 potions of haste {unknown}
 i - a potion of cancellation
 j - 2 potions of lignification {unknown}
 k - a potion of brilliance {unknown}
 n - 4 potions of resistance {unknown}


   Skills:
 * Level 2.1 Fighting
 * Level 3.0 Dodging
 * Level 3.7 Stealth
 * Level 5.7 Spellcasting
 * Level 6.7 Conjurations


You had 11 spell levels left.
You knew the following spells:

 Your Spells              Type           Power      Damage    Failure   Level
a - Magic Dart            Conj           100%       1d8       1%          1
b - Searing Ray           Conj           92%        2d7       1%          2
c - Hailstorm             Conj/Ice       27%        3d7       16%         4

Your spell library contained the following spells:

 Spells                   Type           Power      Damage    Failure   Level
 Dazzling Flash           Conj/Hex       54%        N/A       4%          3
 Freeze                   Ice            32%        1d5       6%          1
 Fulminant Prism          Conj/Hex       13%        3d9       16%         4
 Iskenderun's Mystic Bla  Conj/Tloc      27%        2d7       16%         4
 Frozen Ramparts          Ice            16%        1d3       19%         3


Dungeon Overview and Level Annotations

Branches:
Dungeon (6/15)             Temple (0/1) D:4

Annotations:
D:6 3 runed translucent doors, elongatedgoose's ghost, novice MiFi


Innate Abilities, Weirdness & Mutations

You have an increased reservoir of magic. (+10% MP)
You shall have no god before yourself.
Your divine heritage dramatically boosts your attributes as you level up.


Message History

Elongatedgoose's ghost says very slowly, "There's no hope."
Elongatedgoose's ghost says, "You're as good as gold."
Found a cloak.
A two-headed ogre is nearby!
The two-headed ogre shouts in stereo!
Casting: Searing Ray (safe; 1% risk of failure)
Confirm with . or Enter, or press ? or * to list all spells.
Aiming: Searing Ray (safe; 1% risk of failure)
Press: ? - help, Shift-Dir - straight line, f - two-headed ogre
Aim: a two-headed ogre, wielding two +0 giant clubs (91% to hit)
Okay, then.
Casting: Searing Ray (safe; 1% risk of failure)
Confirm with . or Enter, or press ? or * to list all spells.
Casting: Hailstorm (dangerous; 16% risk of failure)
Press: ? - help, Dir - look around, f - activate A cannonade of hail descends around you!
The hail pelts the two-headed ogre!
The two-headed ogre is lightly wounded.
Casting: Hailstorm (dangerous; 16% risk of failure)
Confirm with . or Enter, or press ? or * to list all spells.
Casting: Hailstorm (dangerous; 16% risk of failure)
Press: ? - help, Dir - look around, f - activate A cannonade of hail descends around you!
The hail pelts the two-headed ogre!
The two-headed ogre is moderately wounded.
The two-headed ogre attacks as you move away!
The two-headed ogre hits you with a +0 giant club!!
The two-headed ogre barely misses you.
Casting: Hailstorm (dangerous; 16% risk of failure)
Confirm with . or Enter, or press ? or * to list all spells.
Aiming: Searing Ray (safe; 1% risk of failure)
Press: ? - help, Shift-Dir - straight line, f - two-headed ogre
Aim: a two-headed ogre, wielding two +0 giant clubs (moderately wounded, 91% to hit)
The searing ray hits the two-headed ogre!
The two-headed ogre is heavily wounded. (Press . to maintain the ray.)
The two-headed ogre hits you with a +0 giant club!!
* * * LOW HITPOINT WARNING * * *
The two-headed ogre hits you with a +0 giant club!
You die...

....# ##.##........... ...##
#..##.........# ...#
######.####.......#
.##############....#..#####......
..#.'..#($?#..+.......##.....##.
#.#.##.#...#.##.........######
#...##.#+++#.##..[....###
##.###.......##.......#
#..####...####.@O...## ###.#
._..# #.....## ..#.# ...##
#....## ....# #### #...##
....#### #..## .......## ##.##
#.......######..#
##.........##..## ##...........##


You could see a two-headed ogre.

Vanquished Creatures
  Menkaure (D:4)
  A water moccasin (D:5)
  A black bear (D:5)
  An ice beast (D:5)
  An ogre (D:5)
  2 phantoms (D:5)
  A necrophage (D:5)
  2 scorpions
  5 wights (D:5)
  A bullfrog zombie (D:6)
  3 hounds
  An orc priest (D:4)
  An orc wizard (D:4)
  3 gnolls (D:5)
  4 adders
  2 white imps (D:5)
  A worm (D:5)
  22 orcs
  6 endoplasms
  5 giant cockroaches
  6 goblins
  6 hobgoblins
  8 kobolds
  3 quokkas
  A ball python (D:3)
  5 bats
  A rat (D:1)
94 creatures vanquished.

Notes
Turn   | Place    | Note
-------+----------+-------------------------------------------
     0 | D:1      | fantasyman the Demigod Conjurer began the quest for the
                  | Orb.
     0 | D:1      | Reached XP level 1. HP: 14/14 MP: 5/5
   468 | D:1      | Reached XP level 2. HP: 20/20 MP: 5/7
   536 | D:1      | Reached skill level 4 in Conjurations
  1414 | D:2      | Reached XP level 3. HP: 26/26 MP: 5/9
  1814 | D:3      | Noticed a scorpion
  1821 | D:3      | Killed a scorpion
  1822 | D:3      | Reached XP level 4. HP: 26/33 MP: 2/11
  1897 | D:3      | Learned a level 2 spell: Searing Ray
  2262 | D:4      | Found a staircase to the Ecumenical Temple.
  2813 | D:4      | Reached XP level 5. HP: 38/38 MP: 7/12
  2866 | D:4      | Reached skill level 5 in Conjurations
  3105 | D:4      | Noticed Menkaure
  3111 | D:4      | Killed Menkaure
  3112 | D:4      | Reached XP level 6. HP: 46/46 MP: 6/15
  3302 | D:3      | Identified the +0 chain mail of Tomorrow {rPois Str+3 Dex-5
                  | SInv}
  3363 | D:3      | Identified the +0 chain mail of Dishonesty {Drain +Blink
                  | rC+++}
  3594 | D:4      | You fall into a shaft and drop 1 floor!
  3594 | D:5      | Entered Level 5 of the Dungeon
  5523 | D:4      | Reached skill level 1 in Fighting
  5684 | D:5      | Reached XP level 7. HP: 52/52 MP: 17/17
  5698 | D:5      | Reached skill level 6 in Conjurations
  5890 | D:5      | Reached skill level 5 in Spellcasting
  6223 | D:5      | Reached XP level 8. HP: 61/61 MP: 19/19
  6572 | D:6      | Noticed a two-headed ogre
  7183 | D:5      | Learned a level 4 spell: Hailstorm
  7299 | D:6      | Found a runed translucent gate.
  7299 | D:6      | Found a runed translucent gate.
  7299 | D:6      | Found a runed translucent gate.
  7299 | D:6      | Noticed elongatedgoose's ghost (novice MiFi)
  7441 | D:6      | Slain by a two-headed ogre

Illustrated notes

Levels and vault maps discovered:
D:1:      minmay_arrival_three_doors, layout_loops_corners,
          dilly_ecumenical_altar_fadedgnrine
D:2:      layout_basic, basic_altar
D:3:      layout_rooms, amcnicky_altar_gilded,
          mainiacjoe_overflow_surrounded_room
D:4:      layout_loops_ring, minmay_temple_entry_proselytizer, uniq_menkaure
D:5:      layout_loops_ring
D:6:      layout_cave_pods, nicolae_yredelemnul_ghost_church,
          nicolae_concentric_dashed_squares_mild, uniq_grinder

Skill      XL: |  1  2  3  4  5  6  7  8 |
---------------+-------------------------+-----
Spellcasting   | 2 3 4 5 |  5.7
Conjurations   | 4 5 6 |  6.7
Dodging        | 2 3 |  3.0
Stealth        | 2 3 |  3.7
Fighting       | 1 2 |  2.1

Action                   |  1- 3 |  4- 6 |  7- 9 || total
-------------------------+-------+-------+-------++-------
Melee: Dire flail        |       |       |     1 ||     1
 Cast: Magic Dart        |    72 |   114 |    33 ||   219
       Searing Ray       |       |    12 |    16 ||    28
       Hailstorm         |       |       |     2 ||     2
  Use: Scroll            |     5 |     7 |     1 ||    13
Armor: Robe              |     5 |     4 |     2 ||    11
Dodge: Dodged            |     5 |    18 |    32 ||    55
